 Dungeon Crawl Stone Soup version 0.29-a0-297-g7659ce593d (webtiles) character file.

Game seed: 11292913780771607830

71 kipponium the Chopper (level 4, 0/52 HPs)
             Began as a Demonspawn Berserker on Mar 21, 2022.
             Was a Believer of Trog.
             Succumbed to a goblin's poison
             ... on level 2 of the Dungeon.
             The game lasted 00:02:39 (1626 turns).

kipponium the Chopper (Demonspawn Berserker)        Turns: 1626, Time: 00:02:39

Health: 0/52       AC: 22    Str: 19    XL:     4   Next: 5%
Magic:  4/4        EV:  2    Int:  9    God:    Trog [**....]
Gold:   72         SH:  0    Dex: 12    Spells: 3/3 levels left

rFire   . . .      SeeInvis .   a - +0 hand axe
rCold   . . .      Faith    .   (no shield)
rNeg    . . .      Spirit   .   (body armour currently unavailable)
rPois   +          Reflect  .   (helmet currently unavailable)
rElec   .          Harm     .   (cloak currently unavailable)
rCorr   .          Rampage  .   (gloves currently unavailable)
Will    .....      NoTele   +   (boots currently unavailable)
Stlth   +.........              (no amulet)
HPRegen 0.17/turn               (no ring)
MPRegen 0.09/turn               (no ring)

@: lethally poisoned (0 -> -2), tree-form, on berserk cooldown, slowed, very
slow
A: stationary, stasis, torment immunity, boosted hp, (thin metallic scales 1),
foul stench 1
a: Renounce Religion, Berserk, Trog's Hand


You were on level 2 of the Dungeon.
You worshipped Trog.
Trog was pleased with you.
You were a tree.
You visited 1 branch of the dungeon, and saw 2 of its levels.

You collected 72 gold pieces.

Inventory:

Hand Weapons
 a - a +0 hand axe (weapon)
Armour
 b - a +0 animal skin (melded)
 i - a +0 helmet (melded)
Scrolls
 c - a scroll of teleportation {unknown}
 d - a scroll of fog {unknown}
 f - a scroll of noise {unknown}
 h - a scroll of brand weapon {unknown}
Potions
 g - a potion of brilliance {unknown}


   Skills:
 - Level 3.0 Fighting
 * Level 4.5 Axes
 - Level 1.7 Armour
 - Level 1.7 Dodging


You had 3 spell levels left.
You didn't know any spells.
Your spell library was empty.

Dungeon Overview and Level Annotations

Branches:
Dungeon (2/15)

Altars:


Innate Abilities, Weirdness & Mutations

You are a tree.
Your roots penetrate the ground, keeping you stationary.
You cannot be teleported.
You are immune to unholy pain and torment.
Your maximum health is greatly increased.
Your equipment is partially melded.
((You are partially covered in thin metallic scales. (AC +2)))
You may rarely emit foul miasma when damaged in melee.


Message History

You hit the orc but do no damage.
The orc is engulfed in dark miasma.
The orc is poisoned.
The orc seems to slow down.
The orc closely misses you.
You hit the orc.
The orc is moderately wounded.
The orc is engulfed in dark miasma.
The orc looks even sicker.
The orc barely misses you.
The orc is engulfed in dark miasma.
The orc looks even sicker.
You kill the orc!
Trog accepts your kill.
A goblin comes into view. It is wielding a +0 dagger.
The goblin shouts!
You closely miss the goblin.
The goblin hits you but does no damage. x2
You hit the goblin.
The goblin is moderately wounded.
The goblin hits you but does no damage.
You are poisoned.
You hit the goblin.
You kill the goblin!
Trog accepts your kill.
* * * LOW HITPOINT WARNING * * *
You feel very sick. The goblin hits you but does no damage.
You hit the goblin but do no damage.
* * * LOW HITPOINT WARNING * * *
You feel very sick. The goblin hits you but does no damage.
The goblin hits you with a +0 dagger.
* * * LOW HITPOINT WARNING * * *
You barely miss the goblin.
* * * LOW HITPOINT WARNING * * *
You feel sick. The goblin misses you.
You barely miss the goblin.
* * * LOW HITPOINT WARNING * * *
You feel sick. The goblin hits you with a +0 dagger.
* * * LOW HITPOINT WARNING * * *
The goblin closely misses you.
It was a potion of lignification.
You turn into a tree.
Your +0 helmet melds into your body.
Your +0 animal skin melds into your body.
Your roots penetrate the ground.
You die...

..#......).........
#.#......(..#########
##...................#
#....................#
#....#+#####.........#
#....#.# #.†.......#
####......# #...).....#
#......#..#####.........#
###.##...#.og♣..#.........#
!.......o##.###.#######..)#
...###g.##.# #.#######)#)#
####.g.###.#
#.......#.#)#### #..#.# #>#
#######.#.#.#... #.g##.#
### #...#.#.#. .$... #..
#####.#.#. ...o88# #..#
#...#. ....$. #..# #####.


You could see an orc and a goblin.

Vanquished Creatures
  Robin (D:2)
  A gnoll (D:1)
  3 dart slugs
  2 orcs (D:2)
  4 ball pythons
  3 bats
  2 endoplasms
  A giant cockroach (D:1)
  10 goblins (D:2)
  4 hobgoblins
  2 kobolds (D:1)
  2 quokkas
  A frilled lizard (D:2)
  A rat (D:1)
37 creatures vanquished.

Notes
Turn   | Place    | Note
-------+----------+-------------------------------------------
     0 | D:1      | kipponium the Demonspawn Berserker began the quest for the
                  | Orb.
     0 | D:1      | Reached XP level 1. HP: 18/18 MP: 1/1
   214 | D:1      | Reached skill level 3 in Axes
   605 | D:1      | Gained mutation: You are partially covered in thin metallic
                  | scales. (AC +2) [demonic ancestry]
   605 | D:1      | Reached XP level 2. HP: 18/24 MP: 2/2
   889 | D:1      | Reached XP level 3. HP: 10/29 MP: 3/3
  1354 | D:2      | Reached skill level 4 in Axes
  1392 | D:2      | Noticed Robin
  1419 | D:2      | Killed Robin
  1436 | D:2      | Reached ** piety under Trog
  1612 | D:2      | Gained mutation: You may rarely emit foul miasma when
                  | damaged in melee. [demonic ancestry]
  1612 | D:2      | Reached XP level 4. HP: 22/35 MP: 4/4
  1625 | D:2      | HP: 1/35 [goblin/+0 dagger[Robin] (1)]
  1626 | D:2      | Succumbed to a goblin's poison

Illustrated notes

Levels and vault maps discovered:
D:1:      ncdulo_halloftheorcs, layout_basic, corexii_item_surrounded_by_moat
D:2:      layout_basic, guppyfry_early_orc_mine, uniq_robin, uniq_sigmund

Skill      XL: |  1  2  3 |
---------------+----------+-----
Axes           | 3 4 |  4.5
Fighting       | |  3.0
Armour         | |  1.7
Dodging        | |  1.7

Action                   |  1- 3 |  4- 6 || total
-------------------------+-------+-------++-------
Melee: Hand axe          |    94 |     9 ||   103
Invok: Berserk           |     3 |       ||     3
  Use: Potion            |       |     1 ||     1
 Stab: Sleeping          |     1 |       ||     1
Armor: Animal skin       |    27 |     6 ||    33
Dodge: Dodged            |    55 |     4 ||    59

Table legend: (Time is in decaauts)
 A = Elapsed time spent in this place.
 B = Non-inter-level travel time spent in this place.
 C = Inter-level travel time spent in this place.
 D = Time resting spent in this place.
 E = Time spent auto-exploring this place.
 F = Levels seen in this place.
 G = Mean time per level.
                   A        B        C        D        E       F      G
               +--------+--------+--------+--------+--------+-----+--------+
         Total |   1652 |   1596 |     56 |    615 |    652 |   2 |  826.0 |
       Dungeon |   1652 |   1596 |     56 |    615 |    652 |   2 |  826.0 |
               +--------+--------+--------+--------+--------+-----+--------+

Top non-repeatable levels by time:
     D:1: 1312 daAuts
     D:2: 340 daAuts
